[Event "NOR-ch Elite 2019"]
[Site "Larvik"]
[Date "2019.07.06"]
[Round "2.10"]
[White "Kaasen, Tor Fredrik"]
[Black "Skrondal, Inge Sandstad"]
[Result "1/2-1/2"]
[ECO "B35"]
[WhiteElo "2376"]
[BlackElo "2312"]
[Annotator "NA"]
[PlyCount "73"]
[EventDate "2019.07.05"]
[EventType "swiss"]
[EventCountry "NOR"]
[SourceTitle "playchess.com"]
[Source "ChessBase"]
[SourceQuality "1"]
[TimeControl "40/5400+30:1800+30"]

1. e4 c5 2. Nf3 g6 3. d4 Bg7 4. Nc3 cxd4 5. Nxd4 Nc6 6. Be3 Nf6 7. Bc4 O-O 8. Bb3 Re8 9. f3 d5 10. exd5 Nb4 11. Nde2 e6 12. d6 Nbd5 13. Nxd5 exd5 14. Bd4 Qxd6 15. O-O Bd7 16. Rf2 Bh6 17. Nc3 Bc6 18. Re2 Nh5 19. g3 a5 20. a4 Ng7 21. Qd3 Ne6 22. Rae1 Nxd4 23. Rxe8+ Rxe8 24. Rxe8+ Bxe8 25. Qxd4 Bg7 26. Qd2 Qc5+ 27. Kg2 Bxc3 28. Qxc3 Qxc3 29. bxc3 Bc6 30. Kf2 Kf8 31. Ke3 Ke7 32. Kd4 Kd6 33. f4 f6 34. c4 dxc4 35. Kxc4 g5 36. Kd4 h6 37. c3 {[%emt 0:01:59] Kd5+} 1/2-1/2

[Event "NOR-ch Elite 2019"]
[Site "Larvik"]
[Date "2019.07.06"]
[Round "2.11"]
[White "Vitenberg, Noam Aviv"]
[Black "Mihajlov, Sebastian"]
[Result "0-1"]
[ECO "A31"]
[WhiteElo "2300"]
[BlackElo "2375"]
[Annotator "NA"]
[PlyCount "116"]
[EventDate "2019.07.05"]
[EventType "swiss"]
[EventCountry "NOR"]
[SourceTitle "playchess.com"]
[Source "ChessBase"]
[SourceQuality "1"]
[TimeControl "40/5400+30:1800+30"]

1. d4 Nf6 2. c4 c5 3. Nf3 cxd4 4. Nxd4 Nc6 5. Nc3 Qa5 6. Nb3 Qc7 7. Bg5 d6 8. e4 e6 9. Qd2 a6 10. Rd1 Be7 11. Be2 Ne5 12. O-O Nxc4 13. Bxc4 Qxc4 14. Rc1 Qb4 15. Bxf6 Bxf6 16. Nd5 Qxd2 17. Nxf6+ gxf6 18. Nxd2 b5 19. Rc7 Bd7 20. f4 Kd8 21. Rc3 Ke7 22. Nb3 Rhc8 23. Rd3 Rc4 24. Rfd1 Rxe4 25. Rxd6 Be8 26. f5 Re5 27. fxe6 fxe6 28. Rb6 Ra7 29. Na5 b4 30. Nb3 a5 31. Rb8 Rd7 32. Rxd7+ Bxd7 33. Rh8 h5 34. Rh7+ Kd6 35. Rh6 a4 36. Nd4 Re4 37. Nc2 Bb5 38. Rxf6 b3 39. axb3 axb3 40. Na3 Re1+ 41. Kf2 Rf1+ 42. Ke3 Rxf6 43. Nxb5+ Kc5 44. Nd4 Kc4 45. Nf3 Rf5 46. Ke4 Rd5 47. h3 h4 48. Ke3 Ra5 49. Ke4 Ra2 50. Ne5+ Kb5 51. Nd3 Ra1 52. Ke3 Kc4 53. Ke4 Rd1 54. Ne5+ Kb5 55. Nd3 Rd2 56. Kd4 Rxg2 57. Ke5 Kc4 58. Ke4 Re2+ {[%emt 0:00:00] Kd4+} 0-1

[Event "NOR-ch Elite 2019"]
[Site "Larvik"]
[Date "2019.07.06"]
[Round "2.12"]
[White "Stokke, Kjetil"]
[Black "Ingebretsen, Jens E"]
[Result "1-0"]
[ECO "E04"]
[WhiteElo "2336"]
[BlackElo "2276"]
[Annotator "NA RC"]
[PlyCount "119"]
[EventDate "2019.07.05"]
[EventType "swiss"]
[EventCountry "NOR"]
[SourceTitle "playchess.com"]
[Source "ChessBase"]
[SourceQuality "1"]
[TimeControl "40/5400+30:1800+30"]

1. d4 Nf6 2. c4 e6 3. g3 d5 4. Nf3 dxc4 5. Bg2 Nc6 6. Qa4 Nd7 7. Qxc4 Nb6 8. Qb5 a6 9. Qd3 e5 10. Nxe5 Nb4 11. Qc3 Qxd4 12. Qxd4 Nc2+ 13. Kd1 Nxd4 14. Be3 Nb5 15. Nd2 Bd6 16. Nd3 Na4 17. b3 Nb6 18. a4 Nc3+ 19. Kc2 Ncd5 20. Bd4 Nf6 21. e4 Be7 22. e5 Ng4 23. a5 Nd7 24. h3 Nh6 25. g4 O-O 26. f4 Nb8 27. f5 Rd8 28. Kc3 Nc6 29. Bxc6 bxc6 30. Ne4 Rb8 31. Bc5 Bh4 32. b4 Rd5 33. Rad1 Kh8 34. Nd2 Ng8 35. Nf3 Be7 36. Kc4 Bd7 37. Bxe7 Nxe7 38. Nc5 Rd8 39. Rxd5 cxd5+ 40. Kc3 Bb5 41. Nd4 Nc6 42. Nxc6 Bxc6 43. Kd4 Bb5 44. Re1 Kg8 45. e6 Bc4 46. e7 Re8 47. g5 f6 48. g6 hxg6 49. fxg6 f5 50. Re5 f4 51. h4 Bb5 52. h5 f3 53. Ke3 Be2 54. Nb3 Bd1 55. Nd4 Ba4 56. Kxf3 Kh8 57. b5 axb5 58. Rxd5 b4 59. Rd8 c5 60. a6 1-0

[Event "NOR-ch Elite 2019"]
[Site "Larvik"]
[Date "2019.07.06"]
[Round "2.13"]
[White "Risting, Eivind Olav"]
[Black "Altarbosh, Ward"]
[Result "1-0"]
[ECO "D46"]
[WhiteElo "2314"]
[BlackElo "2202"]
[Annotator "NA"]
[PlyCount "80"]
[EventDate "2019.07.05"]
[EventType "swiss"]
[EventCountry "NOR"]
[SourceTitle "playchess.com"]
[Source "ChessBase"]
[SourceQuality "1"]
[TimeControl "40/5400+30:1800+30"]

1. d4 d5 2. c4 c6 3. Nc3 Nf6 4. e3 e6 5. Nf3 Nbd7 6. Qc2 Bd6 7. Bd3 dxc4 8. Bxc4 b5 9. Be2 O-O 10. O-O Bb7 11. e4 e5 12. dxe5 Nxe5 13. Nh4 b4 14. Nf5 Neg4 15. Bxg4 Nxg4 16. h3 Bh2+ 17. Kh1 bxc3 18. hxg4 Be5 19. f4 Bc7 20. Qxc3 Qf6 21. e5 Qe6 22. Be3 h5 23. Qb3 Qxb3 24. axb3 hxg4 25. Bxa7 Rfd8 26. Bc5 Ba6 27. Rfd1 Rxd1+ 28. Rxd1 Rb8 29. Rd7 Bb6 30. Bd6 Bc8 31. Ne7+ Kh7 32. Nxc8 Rxc8 33. Kh2 Kg6 34. Kg3 f5 35. exf6 gxf6 36. Kxg4 f5+ 37. Kf3 Bd4 38. Bc7 Bxb2 39. Rd6+ Kf7 40. Rxc6 Ra8 {[%emt 0:00:31] Ke4} 1-0

[Event "NOR-ch Elite 2019"]
[Site "Larvik"]
[Date "2019.07.07"]
[Round "3.1"]
[White "Hauge, Lars Oskar"]
[Black "Tari, Aryan"]
[Result "0-1"]
[ECO "A03"]
[WhiteElo "2476"]
[BlackElo "2620"]
[Annotator "RC"]
[PlyCount "118"]
[EventDate "2019.07.05"]
[EventType "swiss"]
[EventCountry "NOR"]
[SourceTitle "playchess.com"]
[Source "ChessBase"]
[SourceQuality "1"]
[TimeControl "40/5400+30:1800+30"]

1. f4 d5 2. Nf3 g6 3. g3 c6 4. Bg2 Qb6 5. Nc3 Bg7 6. e3 h5 7. d3 Nh6 8. Qe2 Bg4 9. Qf2 Nd7 10. e4 d4 11. Nd1 e5 12. O-O O-O-O 13. a4 Rhf8 14. b4 f5 15. Nb2 fxe4 16. Nc4 Qc7 17. dxe4 Be6 18. Qe2 exf4 19. Bxf4 Rxf4 20. gxf4 d3 21. cxd3 Bxa1 22. Rxa1 Qxf4 23. e5 Nf5 24. Re1 Nb6 25. b5 Nxc4 26. dxc4 Qxc4 27. bxc6 Qxc6 28. Qf2 Bd5 29. e6 Qb6 30. e7 Qxf2+ 31. Kxf2 Re8 32. Rc1+ Kb8 33. Ne5 Rxe7 34. Nxg6 Rd7 35. Bh3 Be4 36. Rc5 Rf7 37. Ne5 Rc7 38. Nd7+ Rxd7 39. Bxf5 Bxf5 40. Rxf5 Rd2+ 41. Kg3 h4+ 42. Kxh4 Rxh2+ 43. Kg3 Re2 44. Kf3 Re1 45. Rh5 Kc7 46. Rh6 Ra1 47. Rh4 Kb6 48. Rb4+ Ka6 49. Ke4 b6 50. Kd5 Ka5 51. Rb2 Rxa4 52. Kc6 Ka6 53. Rc2 b5 54. Kc5 Ka5 55. Rc1 Ra2 56. Rc3 b4 57. Rc4 b3 58. Rh4 Rc2+ 59. Kd4 b2 0-1

[Event "NOR-ch Elite 2019"]
[Site "Larvik"]
[Date "2019.07.07"]
[Round "3.3"]
[White "Urkedal, Frode Olav Olsen"]
[Black "Holm, Kristian Stuvik"]
[Result "1/2-1/2"]
[ECO "A34"]
[WhiteElo "2566"]
[BlackElo "2469"]
[Annotator "ChessBase"]
[PlyCount "57"]
[EventDate "2019.07.05"]
[EventType "swiss"]
[EventCountry "NOR"]
[SourceTitle "playchess.com"]
[Source "ChessBase"]
[SourceQuality "1"]
[TimeControl "40/5400+30:1800+30"]

1. c4 c5 2. Nf3 Nf6 3. Nc3 Nc6 4. g3 d5 5. cxd5 Nxd5 6. Bg2 g6 7. d3 Bg7 8. Bd2 O-O 9. h4 c4 10. d4 Nxc3 11. Bxc3 Be6 12. Qc2 Qb6 13. e3 Nb4 14. Bxb4 Qxb4+ 15. Nd2 Rac8 16. Qc3 Qb5 17. O-O Bd5 18. a4 Qd7 19. Bxd5 Qxd5 20. f4 Rfd8 21. Rac1 e5 22. fxe5 Bxe5 23. dxe5 Qxd2 24. Rf4 Qxc3 25. Rxc3 Rd5 26. Rcxc4 Rxc4 27. Rxc4 Rxe5 28. Kf2 b5 29. axb5 1/2-1/2

[Event "NOR-ch Elite 2019"]
[Site "Larvik"]
[Date "2019.07.07"]
[Round "3.4"]
[White "Haldorsen, Benjamin"]
[Black "Notkevich, Benjamin Arvola"]
[Result "1/2-1/2"]
[ECO "A36"]
[WhiteElo "2444"]
[BlackElo "2497"]
[Annotator "ChessBase"]
[PlyCount "78"]
[EventDate "2019.07.05"]
[EventType "swiss"]
[EventCountry "NOR"]
[SourceTitle "playchess.com"]
[Source "ChessBase"]
[SourceQuality "1"]
[TimeControl "40/5400+30:1800+30"]

1. c4 c5 2. Nc3 g6 3. g3 Bg7 4. Bg2 Nc6 5. b3 e6 6. Ba3 Qa5 7. Qc1 Nge7 8. h4 h6 9. Bb2 O-O 10. Ne4 e5 11. Bc3 Qb6 12. Nd6 Nb4 13. Nxc8 Raxc8 14. a3 Nbc6 15. Rb1 Rfd8 16. h5 g5 17. e4 Nd4 18. Ne2 Qe6 19. d3 b5 20. Nxd4 cxd4 21. Ba5 Re8 22. O-O Kh8 23. Qd1 Rb8 24. Kh2 Nc6 25. Bh3 Qe7 26. Bb4 Nxb4 27. axb4 bxc4 28. bxc4 Rxb4 29. Rxb4 Qxb4 30. Bxd7 Rb8 31. Bb5 Bf8 32. Qf3 Qe7 33. Ra1 Rb6 34. Kg2 Rf6 35. Rxa7 Rxf3 36. Rxe7 Rxf2+ 37. Kxf2 Bxe7 38. Ke2 Kg7 39. g4 Kf6 1/2-1/2

[Event "NOR-ch Elite 2019"]
[Site "Larvik"]
[Date "2019.07.07"]
[Round "3.5"]
[White "Haug, Johannes"]
[Black "Mikalsen, Erlend"]
[Result "1/2-1/2"]
[ECO "B51"]
[WhiteElo "2431"]
[BlackElo "2404"]
[Annotator "NA"]
[PlyCount "50"]
[EventDate "2019.07.05"]
[EventType "swiss"]
[EventCountry "NOR"]
[SourceTitle "playchess.com"]
[Source "ChessBase"]
[SourceQuality "1"]
[TimeControl "40/5400+30:1800+30"]

1. e4 c5 2. Nf3 d6 3. Bb5+ Nd7 4. c3 Ngf6 5. Qe2 a6 6. Ba4 b5 7. Bc2 Bb7 8. d4 e6 9. a4 b4 10. a5 bxc3 11. bxc3 Qc7 12. O-O Be7 13. Bf4 Nh5 14. Be3 Nhf6 15. Bf4 Nh5 16. Bc1 Nhf6 17. Bd3 O-O 18. Nbd2 Rfe8 19. Re1 Nf8 20. Nf1 Ng6 21. Ng3 Bf8 22. Bg5 Nd7 23. Be3 Nf6 24. Bg5 Nd7 25. Be3 Nf6 1/2-1/2

[Event "NOR-ch Elite 2019"]
[Site "Larvik"]
[Date "2019.07.07"]
[Round "3.6"]
[White "Mihajlov, Sebastian"]
[Black "Christiansen, Johan-Sebastian"]
[Result "1/2-1/2"]
[ECO "A49"]
[WhiteElo "2375"]
[BlackElo "2548"]
[Annotator "ChessBase"]
[PlyCount "175"]
[EventDate "2019.07.05"]
[EventType "swiss"]
[EventCountry "NOR"]
[SourceTitle "playchess.com"]
[Source "ChessBase"]
[SourceQuality "1"]
[TimeControl "40/5400+30:1800+30"]

1. d4 Nf6 2. Nf3 c5 3. c3 g6 4. g3 Qa5 5. dxc5 Qxc5 6. Bg2 Bg7 7. O-O O-O 8. Nbd2 d6 9. e4 Nc6 10. h3 h6 11. Nb3 Qb6 12. Be3 Qc7 13. Qc2 b6 14. Nbd4 Na5 15. Nd2 Bb7 16. c4 Rac8 17. Rac1 Qb8 18. Qb1 Qa8 19. b3 Rfd8 20. Rfd1 Kh7 21. Kh2 Nd7 22. Ne2 Nc6 23. Nf1 Qb8 24. f4 Ba8 25. g4 b5 26. Nfg3 bxc4 27. Rxc4 Bb7 28. Rdc1 Qa8 29. b4 a6 30. a4 a5 31. b5 Nb4 32. Rc7 Qb8 33. Rxc8 Rxc8 34. Qb3 e6 35. Qd1 d5 36. exd5 Bxd5 37. Bxd5 Nxd5 38. Bd2 Rxc1 39. Qxc1 Qa7 40. Qe1 Nc5 41. Qf2 Qe7 42. Bxa5 Nxa4 43. f5 Qb7 44. fxg6+ fxg6 45. b6 Qa6 46. Nf4 Nxf4 47. Qxf4 Nc5 48. Bc3 e5 49. Qb4 Qa2+ 50. Qb2 Qd5 51. Qb5 Qa2+ 52. Qb2 Qf7 53. Qe2 Qf6 54. Qe3 Nd7 55. Ba5 Qc6 56. Ne4 Qd5 57. Qd2 Nxb6 58. Qxd5 Nxd5 59. Kg3 Kg8 60. h4 Kf7 61. h5 gxh5 62. gxh5 Ke6 63. Bd2 Bf8 64. Kg4 Nc7 65. Ng3 Ne8 66. Ne4 Kd5 67. Kf3 Bg7 68. Ba5 Ke6 69. Kg4 Bf8 70. Bd2 Kd5 71. Kf3 Bg7 72. Be3 Nc7 73. Ng3 Ke6 74. Ne4 Nd5 75. Bd2 Ne7 76. Be3 Nf5 77. Nf2 Nxe3 78. Kxe3 Kf5 79. Nd3 Kg4 80. Nxe5+ Bxe5 81. Kf2 Kxh5 82. Kg2 Kg4 83. Kg1 h5 84. Kg2 h4 85. Kg1 h3 86. Kh1 h2 87. Kg2 h1=B+ 88. Kxh1 1/2-1/2

[Event "NOR-ch Elite 2019"]
[Site "Larvik"]
[Date "2019.07.07"]
[Round "3.7"]
[White "Lie, Kjetil A."]
[Black "Risting, Eivind Olav"]
[Result "1-0"]
[ECO "A46"]
[WhiteElo "2538"]
[BlackElo "2314"]
[Annotator "ChessBase"]
[PlyCount "39"]
[EventDate "2019.07.05"]
[EventType "swiss"]
[EventCountry "NOR"]
[SourceTitle "playchess.com"]
[Source "ChessBase"]
[SourceQuality "1"]
[TimeControl "40/5400+30:1800+30"]

1. d4 Nf6 2. Nf3 e6 3. Bg5 c5 4. d5 exd5 5. e3 d6 6. Nc3 Be6 7. Bxf6 Qxf6 8. Nxd5 Bxd5 9. Qxd5 Nc6 10. Ba6 Qxb2 11. O-O Qb6 12. Bc4 O-O-O 13. Ng5 Ne5 14. Nxf7 Nxf7 15. Qxf7 d5 16. Bxd5 Qc7 17. Qf5+ Kb8 18. Bxb7 Kxb7 19. Rab1+ Ka6 20. Qe6+ 1-0

[Event "NOR-ch Elite 2019"]
[Site "Larvik"]
[Date "2019.07.07"]
[Round "3.8"]
[White "Getz, Nicolai"]
[Black "Ranaldi, Lucas"]
[Result "1-0"]
[ECO "A36"]
[WhiteElo "2377"]
[BlackElo "2262"]
[Annotator "NA"]
[PlyCount "80"]
[EventDate "2019.07.05"]
[EventType "swiss"]
[EventCountry "NOR"]
[SourceTitle "playchess.com"]
[Source "ChessBase"]
[SourceQuality "1"]
[TimeControl "40/5400+30:1800+30"]

1. g3 c5 2. c4 Nc6 3. Bg2 g6 4. Nc3 Bg7 5. b3 e6 6. Bb2 Nge7 7. h4 h6 8. Nh3 O-O 9. Nf4 d6 10. d3 Rb8 11. Qd2 a6 12. O-O b6 13. e3 Bb7 14. Ne4 e5 15. Ne2 d5 16. N4c3 Na5 17. Qc2 d4 18. exd4 Bxg2 19. Kxg2 cxd4 20. Ne4 f5 21. Nd2 Nac6 22. Ba3 a5 23. Bxe7 Qxe7 24. a3 Rbe8 25. b4 axb4 26. axb4 g5 27. hxg5 hxg5 28. b5 Nd8 29. c5 bxc5 30. Qc4+ Rf7 31. f3 Qb7 32. Nb3 Bf8 33. Ra6 Kg7 34. Nxc5 Bxc5 35. Qxc5 g4 36. Qd6 gxf3+ 37. Rxf3 e4 38. dxe4 Ne6 39. Qe5+ Rf6 40. Nxd4 Kf7 1-0

[Event "NOR-ch Elite 2019"]
[Site "Larvik"]
[Date "2019.07.07"]
[Round "3.9"]
[White "Tryggestad, Andreas Garberg"]
[Black "Stokke, Kjetil"]
[Result "0-1"]
[ECO "E70"]
[WhiteElo "2336"]
[BlackElo "2336"]
[Annotator "NA"]
[PlyCount "49"]
[EventDate "2019.07.05"]
[EventType "swiss"]
[EventCountry "NOR"]
[SourceTitle "playchess.com"]
[Source "ChessBase"]
[SourceQuality "1"]
[TimeControl "40/5400+30:1800+30"]

1. d4 Nf6 2. c4 g6 3. Nc3 Bg7 4. e4 d6 5. Bd3 O-O 6. Nge2 Nc6 7. O-O e5 8. d5 Nd4 9. Nxd4 exd4 10. Ne2 Re8 11. f3 c5 12. Bg5 h6 13. Bd2 Bd7 14. Qc2 a6 15. b4 b6 16. bxc5 bxc5 17. Ng3 Rb8 18. f4 Ng4 19. e5 Qh4 20. h3 Ne3 21. Bxe3 dxe3 22. Ne4 dxe5 23. Nxc5 exf4 24. Rab1 e2 25. Rxb8 0-1

[Event "NOR-ch Elite 2019"]
[Site "Larvik"]
[Date "2019.07.07"]
[Round "3.10"]
[White "Moen, Andreas G.R."]
[Black "Vestby-Ellingsen, Mads"]
[Result "1-0"]
[ECO "D77"]
[WhiteElo "2322"]
[BlackElo "2335"]
[Annotator "NA"]
[PlyCount "101"]
[EventDate "2019.07.05"]
[EventType "swiss"]
[EventCountry "NOR"]
[SourceTitle "playchess.com"]
[Source "ChessBase"]
[SourceQuality "1"]
[TimeControl "40/5400+30:1800+30"]

1. Nf3 Nf6 2. d4 g6 3. g3 d5 4. Bg2 Bg7 5. O-O O-O 6. c4 dxc4 7. Qc2 a6 8. Qxc4 b5 9. Qc2 Bb7 10. Bf4 Nc6 11. Rd1 Nb4 12. Qb3 Nbd5 13. Be5 Rc8 14. Nc3 Nxc3 15. Qxc3 Ne4 16. Qa3 Nd6 17. Bxg7 Nc4 18. Qc5 Kxg7 19. b3 Nb6 20. Ne5 Bxg2 21. Kxg2 Qd6 22. Rac1 Rfd8 23. Nc6 Rd7 24. e3 Kg8 25. Rd2 h5 26. Qg5 Qd5+ 27. Qxd5 Nxd5 28. e4 Nb6 29. Kf3 Kg7 30. Ke3 e6 31. Ne5 Re7 32. Rdc2 f6 33. Nd3 f5 34. f3 fxe4 35. fxe4 a5 36. Rc5 a4 37. Rxb5 Ra8 38. b4 Kh6 39. Rbc5 Ra7 40. Ne5 Rb7 41. Nc6 Rd7 42. Na5 Ra7 43. Rc6 Re7 44. a3 Kg7 45. h4 Kh6 46. R1c5 Kg7 47. Re5 Kf7 48. Rc2 Ra8 49. Nc6 Rd7 50. Rg5 Kf6 51. Rf2+ 1-0

[Event "NOR-ch Elite 2019"]
[Site "Larvik"]
[Date "2019.07.07"]
[Round "3.11"]
[White "Skrondal, Inge Sandstad"]
[Black "Andersen, Alf Roger"]
[Result "1/2-1/2"]
[ECO "D58"]
[WhiteElo "2312"]
[BlackElo "2149"]
[Annotator "NA"]
[PlyCount "117"]
[EventDate "2019.07.05"]
[EventType "swiss"]
[EventCountry "NOR"]
[SourceTitle "playchess.com"]
[Source "ChessBase"]
[SourceQuality "1"]
[TimeControl "40/5400+30:1800+30"]

1. d4 e6 2. c4 d5 3. Nc3 Nf6 4. Bg5 Be7 5. e3 O-O 6. Nf3 h6 7. Bh4 b6 8. Be2 Bb7 9. Bxf6 Bxf6 10. cxd5 exd5 11. Qb3 a6 12. O-O Qd6 13. Nd2 Nd7 14. Bf3 c6 15. Rac1 a5 16. Rfd1 Rfd8 17. Nf1 Qb4 18. Qc2 Nf8 19. Na4 Nd7 20. Ng3 g6 21. Bg4 c5 22. a3 Qb5 23. Nc3 Qc6 24. Bf3 Qe6 25. Nge2 g5 26. h3 Bg7 27. Bg4 Qc6 28. Ng3 Nf6 29. Bf5 Bc8 30. dxc5 bxc5 31. Na4 c4 32. Nc3 Be6 33. Rd2 Rab8 34. Rcd1 Rb3 35. e4 d4 36. Rxd4 Rdb8 37. Nd5 Bxd5 38. exd5 Qd6 39. Qxc4 Rxb2 40. R4d3 Rd8 41. Bg4 Qb6 42. Qd4 Qxd4 43. Rxd4 Nxg4 44. Rxg4 Bf8 45. h4 f6 46. hxg5 hxg5 47. Ra4 Rb5 48. Ne4 f5 49. Nxg5 Rbxd5 50. Rxd5 Rxd5 51. g3 Be7 52. Ne6 Kf7 53. Nf4 Rb5 54. Kg2 Bd6 55. Kh3 Kf6 56. Nh5+ Kg6 57. Nf4+ Kf6 58. Nh5+ Kg6 59. Nf4+ 1/2-1/2

[Event "NOR-ch Elite 2019"]
[Site "Larvik"]
[Date "2019.07.07"]
[Round "3.12"]
[White "Ingebretsen, Jens E"]
[Black "Kaasen, Tor Fredrik"]
[Result "1/2-1/2"]
[ECO "A25"]
[WhiteElo "2276"]
[BlackElo "2376"]
[Annotator "NA"]
[PlyCount "125"]
[EventDate "2019.07.05"]
[EventType "swiss"]
[EventCountry "NOR"]
[SourceTitle "playchess.com"]
[Source "ChessBase"]
[SourceQuality "1"]
[TimeControl "40/5400+30:1800+30"]

1. c4 e5 2. Nc3 Nc6 3. Nf3 g6 4. e3 Bg7 5. d4 d6 6. b3 Bg4 7. Be2 exd4 8. Nxd4 Bxe2 9. Ndxe2 Nge7 10. Bb2 Qd7 11. Qd2 O-O-O 12. O-O-O h5 13. Nf4 Ne5 14. Qe2 Kb8 15. Nd3 Rhe8 16. Nxe5 Bxe5 17. Nd5 Nxd5 18. Rxd5 c6 19. Rd3 Qf5 20. Bxe5 Qxe5 21. Kc2 d5 22. Rhd1 Qxh2 23. Qf3 Qc7 24. cxd5 Rxd5 25. Rxd5 cxd5+ 26. Kb2 Rc8 27. Qxd5 Qc3+ 28. Ka3 a6 29. Qd2 Qc2 30. f3 f5 31. f4 h4 32. Qxc2 Rxc2 33. Rh1 Rxg2 34. Rxh4 Rg3 35. Rh8+ Kc7 36. Rg8 Rxe3 37. Rg7+ Kb8 38. Rg8+ Ka7 39. Rxg6 Re4 40. Rf6 Rxf4 41. Kb2 Rf1 42. Kc3 f4 43. Kd3 f3 44. Ke3 Re1+ 45. Kd3 Rd1+ 46. Ke3 Ra1 47. Rxf3 Rxa2 48. Kd3 Kb6 49. Rf5 Rh2 50. Kc3 Rh3+ 51. Kb4 a5+ 52. Ka4 Rh4+ 53. Ka3 Ka6 54. Rf6+ b6 55. Rg6 Rh5 56. Rf6 Kb5 57. Rg6 Rc5 58. Rh6 Rc6 59. Rh3 Rc5 60. Rh6 Ka6 61. Rg6 Kb7 62. Rg7+ Rc7 63. Rxc7+ 1/2-1/2

[Event "NOR-ch Elite 2019"]
[Site "Larvik"]
[Date "2019.07.07"]
[Round "3.13"]
[White "Altarbosh, Ward"]
[Black "Vitenberg, Noam Aviv"]
[Result "1-0"]
[ECO "B11"]
[WhiteElo "2202"]
[BlackElo "2300"]
[Annotator "NA"]
[PlyCount "145"]
[EventDate "2019.07.05"]
[EventType "swiss"]
[EventCountry "NOR"]
[SourceTitle "playchess.com"]
[Source "ChessBase"]
[SourceQuality "1"]
[TimeControl "40/5400+30:1800+30"]

1. e4 c6 2. Nf3 d5 3. Nc3 Nf6 4. e5 Ne4 5. Ne2 Qb6 6. d4 e6 7. Ng3 c5 8. c3 Nc6 9. Bd3 cxd4 10. Nxe4 dxe4 11. Bxe4 dxc3 12. bxc3 Bc5 13. O-O Qc7 14. Qe2 Bd7 15. Rb1 Rb8 16. Rd1 Ne7 17. Bg5 Bc6 18. Nd4 Bxe4 19. Qxe4 a6 20. Nb3 Nd5 21. Rd3 h6 22. Bd2 O-O 23. c4 Ne7 24. Qg4 f5 25. Qh5 f4 26. Qg4 Rf5 27. Nxc5 Qxc5 28. Rd7 h5 29. Qd1 Nc6 30. Bc3 Qxc4 31. Qd6 Rg5 32. h4 Rg6 33. Qd3 Qxd3 34. Rxd3 b5 35. f3 b4 36. Bb2 Rb5 37. Re1 Ra5 38. a3 bxa3 39. Rxa3 Rd5 40. Re2 a5 41. Ra4 Rd1+ 42. Kh2 Ne7 43. Bc3 Nf5 44. Rxf4 Rd5 45. Ra4 Rc5 46. Be1 Kf7 47. Rf4 Ke8 48. g4 hxg4 49. fxg4 Ne7 50. g5 Nc6 51. Rfe4 a4 52. Bg3 a3 53. Ra4 Rc3 54. Bf4 Rb3 55. h5 Rb2 56. Rg2 Rb4 57. Ra8+ Kd7 58. Kg3 Nd4 59. Rd2 Kc6 60. hxg6 Nf5+ 61. Kg4 Rb3 62. Ra2 Kd5 63. R8xa3 Rb1 64. Rd2+ Kc4 65. Ra6 Rg1+ 66. Kh3 Rf1 67. Bh2 Rf3+ 68. Kg4 Rb3 69. Rxe6 Ne3+ 70. Kf4 Nd5+ 71. Rxd5 Kxd5 72. Rd6+ Kc5 73. Kf5 {[%emt 0:00:04] Kd5 Ke4+} 1-0

[Event "NOR-ch Elite 2019"]
[Site "Larvik"]
[Date "2019.07.08"]
[Round "4.2"]
[White "Haldorsen, Benjamin"]
[Black "Urkedal, Frode Olav Olsen"]
[Result "0-1"]
[ECO "C54"]
[WhiteElo "2444"]
[BlackElo "2566"]
[Annotator "ChessBase"]
[PlyCount "114"]
[EventDate "2019.07.05"]
[EventType "swiss"]
[EventCountry "NOR"]
[SourceTitle "playchess.com"]
[Source "ChessBase"]
[SourceQuality "1"]
[TimeControl "40/5400+30:1800+30"]

1. e4 e5 2. Nf3 Nc6 3. Bc4 Nf6 4. d3 Bc5 5. O-O d6 6. c3 a5 7. Re1 h6 8. Nbd2 O-O 9. Nf1 Be6 10. Bb5 Ne7 11. d4 Bb6 12. dxe5 dxe5 13. Qxd8 Rfxd8 14. Nxe5 a4 15. Nc4 Bc5 16. Ncd2 Ng4 17. Ne3 Nxe3 18. fxe3 Ra5 19. Bf1 Ng6 20. Nf3 Ba7 21. Nd4 Ne5 22. Nxe6 fxe6 23. Rb1 Bb6 24. b4 axb3 25. axb3 Ra2 26. Rb2 Rxb2 27. Bxb2 Rd2 28. Re2 Bxe3+ 29. Rxe3 Rxb2 30. b4 Rc2 31. Be2 Kf7 32. h3 g5 33. Kf1 Rc1+ 34. Kf2 Kg6 35. Kg3 h5 36. Kf2 h4 37. g3 b6 38. Kg2 Rc2 39. Kf1 Rc1+ 40. Kg2 Kf6 41. gxh4 gxh4 42. Kf2 Kg5 43. c4 Nxc4 44. Rd3 Ne5 45. Rd8 Rc3 46. Rg8+ Kf4 47. Bg4 Rg3 48. Rg7 Nxg4+ 49. hxg4 Rc3 50. g5 Rc2+ 51. Ke1 Kxe4 52. Rh7 Kf5 53. Rxh4 Kxg5 54. Rd4 b5 55. Kd1 Rc4 56. Rd7 Kf5 57. Kd2 Ke5 0-1

[Event "NOR-ch Elite 2019"]
[Site "Larvik"]
[Date "2019.07.08"]
[Round "4.3"]
[White "Elsness, Frode"]
[Black "Lie, Kjetil A."]
[Result "1/2-1/2"]
[ECO "E63"]
[WhiteElo "2436"]
[BlackElo "2538"]
[Annotator "RC"]
[PlyCount "47"]
[EventDate "2019.07.05"]
[EventType "swiss"]
[EventCountry "NOR"]
[SourceTitle "playchess.com"]
[Source "ChessBase"]
[SourceQuality "1"]
[TimeControl "40/5400+30:1800+30"]

1. c4 d6 2. Nc3 g6 3. Nf3 Bg7 4. g3 Nf6 5. Bg2 O-O 6. O-O Nc6 7. d4 a6 8. b3 Rb8 9. d5 Na5 10. Bg5 c5 11. dxc6 Nxc6 12. Rc1 Bf5 13. Qd2 Ne4 14. Nxe4 Bxe4 15. Rfd1 Qb6 16. Nh4 Bxg2 17. Nxg2 Rfe8 18. Ne3 Qb4 19. Qxb4 Nxb4 20. Nd5 Nxd5 21. Rxd5 b6 22. e4 Kf8 23. a4 Rec8 24. Bf4 1/2-1/2

[Event "NOR-ch Elite 2019"]
[Site "Larvik"]
[Date "2019.07.08"]
[Round "4.4"]
[White "Notkevich, Benjamin Arvola"]
[Black "Haug, Johannes"]
[Result "1-0"]
[ECO "A46"]
[WhiteElo "2497"]
[BlackElo "2431"]
[Annotator "ChessBase"]
[PlyCount "63"]
[EventDate "2019.07.05"]
[EventType "swiss"]
[EventCountry "NOR"]
[SourceTitle "playchess.com"]
[Source "ChessBase"]
[SourceQuality "1"]
[TimeControl "40/5400+30:1800+30"]

1. d4 Nf6 2. g3 e6 3. Bg2 d5 4. Nf3 b5 5. O-O Nbd7 6. Bf4 Bb7 7. Nbd2 c5 8. c3 Rc8 9. a4 cxd4 10. cxd4 b4 11. a5 h6 12. Qa4 Bc6 13. Qb3 Nh5 14. Rfc1 Nxf4 15. gxf4 Be7 16. Qd3 f5 17. Rc2 Bb7 18. a6 Rxc2 19. Qxc2 Qc8 20. Qd3 Bc6 21. Rc1 O-O 22. Nb3 Qc7 23. Na5 Qxa5 24. Rxc6 Qa1+ 25. Bf1 Rf6 26. Rc8+ Kf7 27. e3 Rg6+ 28. Kh1 Qxb2 29. Rc2 Qa3 30. Rc7 Ke8 31. Qb5 b3 32. Qxd7+ 1-0

[Event "NOR-ch Elite 2019"]
[Site "Larvik"]
[Date "2019.07.08"]
[Round "4.5"]
[White "Stokke, Kjetil"]
[Black "Hauge, Lars Oskar"]
[Result "1-0"]
[ECO "A26"]
[WhiteElo "2336"]
[BlackElo "2476"]
[Annotator "ChessBase"]
[PlyCount "79"]
[EventDate "2019.07.05"]
[EventType "swiss"]
[EventCountry "NOR"]
[SourceTitle "playchess.com"]
[Source "ChessBase"]
[SourceQuality "1"]
[TimeControl "40/5400+30:1800+30"]

1. c4 f5 2. Nc3 Nf6 3. g3 g6 4. Bg2 Bg7 5. d3 d6 6. e4 Nc6 7. Nge2 O-O 8. O-O e5 9. Nd5 f4 10. gxf4 Nh5 11. Kh1 Nxf4 12. Ndxf4 exf4 13. Bxf4 Bxb2 14. Rb1 Bg7 15. Be3 Qh4 16. f3 b6 17. Qd2 Qe7 18. Bg5 Qf7 19. f4 Bg4 20. f5 Bxe2 21. Qxe2 Nd4 22. Qg4 Be5 23. Bh6 Rfe8 24. Rf2 Kh8 25. f6 Rab8 26. a4 c6 27. h4 a6 28. Bh3 Rg8 29. Rbf1 b5 30. axb5 axb5 31. cxb5 cxb5 32. Qd7 Rgf8 33. Bxf8 Rxf8 34. Qe7 Kg8 35. Rc1 b4 36. Rc4 Bxf6 37. Qxf6 Qxf6 38. Rxf6 Rxf6 39. Rxd4 Kg7 40. Kg2 1-0